Map: Para-cité EC

Players

avilo

  • Race: Protoss Protoss
  • League: Diamond
  • Spawn Location: 5:00

llllllllllll - Winner!

  • Race: Protoss Protoss
  • League: Master
  • Spawn Location: 11:00

VOD

Have the link to the VOD?

Description

Time

  • Played on: Dec. 17, 2018, 2:53 p.m.
  • Length: 4:59
Show
View Real Time Build Order
Export as new Build Order

avilo Protoss 

Build Orders: Phoenix Opening 

Get SALT Encoding   

  12  0:00  Probe  
  13  0:13  Probe  
  14  0:17  Pylon  
  14  0:24  Probe  
  15  0:32  Probe  
  15  0:40  Probe, Gateway  
  16  0:46  Assimilator  
  17  0:51  Probe  
  17  0:55  Assimilator  
  18  0:59  Probe  
  19  1:08  Probe, Gateway  
  19  1:18  Probe  
  21  1:27  Cybernetics Core  
  21  1:30  Probe  
  22  1:35  Pylon  
  22  1:42  Probe  
  23  1:54  Probe  
  24  2:07  Stalker  
  26  2:09  Sentry  
  26  2:10  Warp Gate  
  28  2:19  Pylon  
  28  2:35  Nexus  
  28  2:45  Stargate  
  28  2:50  Stalker  
  29  2:58  Stalker  
  31  3:02  Probe  
  32  3:14  Probe  
  33  3:21  Phoenix  
  33  3:23  Probe  
  34  3:32  Probe  
  36  3:39  Pylon  
  36  3:40  Phoenix, Probe  
  40  3:52  Probe  
  41  3:59  Phoenix  
  41  4:01  Shield Battery  
  41  4:04  Shield Battery  
  43  4:13  Stalker  
  43  4:16  Stalker  
  47  4:30  Phoenix  
  43  4:38  Stalker  
  43  4:42  Stalker  
Show
View Real Time Build Order
Export as new Build Order

llllllllllll Protoss - Winner!

Build Orders: Phoenix Opening 

Get SALT Encoding   

  12  0:00  Probe  
  13  0:13  Probe  
  14  0:17  Pylon  
  14  0:22  Probe  
  15  0:31  Probe  
  16  0:37  Gateway  
  16  0:41  Probe  
  16  0:47  Assimilator  
  17  0:53  Probe  
  17  0:56  Assimilator  
  18  1:05  Probe  
  18  1:10  Gateway  
  19  1:17  Probe  
  20  1:27  Cybernetics Core  
  20  1:29  Probe  
  21  1:38  Probe  
  21  1:39  Pylon  
  21  1:46  Probe  
  23  1:58  Probe  
  24  2:04  Stargate  
  24  2:09  Warp Gate  
  24  2:10  Stalker  
  26  2:19  Stalker  
  26  2:21  Probe  
  29  2:28  Pylon  
  29  2:40  Phoenix, Stalker  
  33  2:53  Stalker  
  35  3:01  Pylon  
  35  3:11  Phoenix  
  37  3:16  Zealot  
  39  3:23  Stalker  
  41  3:35  Pylon  
  41  3:39  Phoenix  
  43  3:54  Gateway  
  43  3:57  Shield Battery  
  43  4:00  Shield Battery  
  43  4:12  Stalker  
  43  4:13  Stalker  
  47  4:19  Shield Battery  
  47  4:38  Stalker x2  
Tags
 
Add a new tag
Caveats
  • Supply blocks, unpowered buildings, or Contaminate may cause inaccurate times.
  • Supply counts are checked every 10 seconds.